 Dungeon Crawl Stone Soup version 0.31-a0-841-g038b102fc3 (webtiles) character file.

Game seed: 7080684741095936763

120487 Shayle the Fighter (level 16, -5/201 HPs)
             Began as a Demonspawn Reaver on Sept 27, 2023.
             Was a Believer of Ashenzari.
             Slain by a merfolk
             ... wielding a +0 trident
              (6 damage)
             ... on level 2 of the Shoals.
             The game lasted 02:19:31 (35296 turns).

Shayle the Fighter (Demonspawn Reaver)             Turns: 35296, Time: 02:19:32

Health: -5/201     AC: 32    Str: 14    XL:     16   Next: 30%
Magic:  2/32       EV:  2    Int: 20    God:    Ashenzari [**....]
Gold:   685        SH:  0    Dex: 13    Spells: 18/39 levels left

rFire   + . .        U - +7 great mace "Undeadhunter" {deathbane, rN+}
rCold   . . .        (shield currently unavailable)
rNeg    + . .        i - melded +4 ring mail {rPois}
rPois   +            M - melded +2 helmet "Behold Eternity" {Fort, Bglg} (curse)
rElec   .            m - melded +1 cloak "Vision of Ashenzari" {Elem, Comp} (curse)
rCorr   .            (gloves unavailable)
SInv    +            (boots currently unavailable)
Will    +....        (no amulet)
Stlth   +            q - ring "Gaze Upon Infinity" {AC+4, Cun, Self} (curse)
HPRegen 0.53/turn    a - ring of protection from fire
MPRegen 0.23/turn

%: no passive effects
@: mighty, tree-form, spiked, hasted, slow
A: stationary, stasis, torment immunity, boosted hp, (slimy green scales 1),
ignite blood 3, demonic magic 1, (demonic touch 3)
a: Renounce Religion, Curse Item, Shatter the Chains


You were on level 2 of the Shoals.
You worshipped Ashenzari.
Ashenzari was pleased with you.
You were a tree.
You visited 6 branches of the dungeon, and saw 27 of its levels.
You also visited: Sewer, Ice Cave and Volcano.

You collected 3520 gold pieces.
You spent 2835 gold pieces at shops.

Inventory:

Hand Weapons
 b - a +2 heavy broad axe
 t - a +3 demon trident of venom
 F - a +4 scimitar
 K - a +1 short sword of electrocution
 U - the +7 great mace "Undeadhunter" (weapon) {deathbane, rN+}
   (You found it in an ice cave)

   rN+:       It protects you from negative energy.
Missiles
 H - 2 throwing nets
 Y - 6 datura-tipped darts
Armour
 e - a +0 cloak of preservation
 i - a +4 ring mail of poison resistance (melded)
 m - the cursed +1 cloak "Vision of Ashenzari" (melded) {Elem, Comp}
   (You found it in a sewer)

   It has a curse which improves the following skills: Elements: Fire Magic, Ice
   Magic, Air Magic and Earth Magic.
   Companions: Summonings and Necromancy.
 v - +0 acid dragon scales
 w - a +0 pair of gloves
 y - a +2 plate armour of fire resistance
 A - a +2 robe of positive energy
 M - the cursed +2 helmet "Behold Eternity" (melded) {Fort, Bglg}
   (You found it on level 9 of the Dungeon)

   It has a curse which improves the following skills: Fortitude: Armour and
   Shields.
   Beguiling: Conjurations, Hexes and Translocations.
 T - the +0 robe of the Amoeba {rN+ Dex+2}
   (You found it on level 2 of the Lair of Beasts)

   Dex+2:     It affects your dexterity (+2).
   rN+:       It protects you from negative energy.
Jewellery
 a - a ring of protection from fire (right branch)
 q - the cursed ring "Gaze Upon Infinity" (left branch) {AC+4, Cun, Self}
   (You found it on level 2 of the Dungeon)

   [ring of protection]

   AC+4:      It affects your AC (+4).
   It has a curse which improves the following skills: Cunning: Dodging and
   Stealth.
   Introspection: Fighting and Spellcasting.
 s - a ring of positive energy
 D - a ring of protection from fire
 E - a ring of protection from fire
 G - a +6 ring of strength
 I - an amulet of guardian spirit
 O - a ring of willpower
 P - a ring of resist corrosion
 R - a ring of fire
 S - a +6 ring of strength
Wands
 c - a wand of polymorph (11)
 u - a wand of paralysis (11)
Scrolls
 k - a scroll of immolation
 l - 4 scrolls of amnesia
 o - 6 scrolls of revelation
 p - a scroll of poison
 C - 4 scrolls of vulnerability
 N - 5 scrolls of fog
Potions
 d - 4 potions of ambrosia
 f - a potion of curing
 g - 3 potions of lignification
 j - a potion of might
 n - 5 potions of mutation
 r - 3 potions of enlightenment
 x - 3 potions of cancellation
 z - 3 potions of attraction
 L - 2 potions of brilliance
 V - 2 potions of resistance
 Z - a potion of magic
Miscellaneous
 Q - a phantom mirror (inert)


   Skills:
 - Level 13.7(14.7) Fighting
 - Level 2.6 Polearms
 - Level 10.8 Armour
 - Level 1.7(2.6) Dodging
 - Level 11.1(12.2) Spellcasting
 - Level 7.2 Conjurations
 + Level 5.0 Necromancy
 + Level 4.0 Transmutations
 - Level 10.9 Fire Magic
 - Level 5.8 Air Magic
 - Level 10.9 Earth Magic
 + Level 8.0 Poison Magic


You had 18 spell levels left.
You knew the following spells:

 Your Spells              Type           Power      Damage    Failure   Level
a - Kiss of Death         Conj/Necr      100%       2d13      1%          1
b - Mephitic Cloud        Conj/Pois/Air  40%        N/A       1%          3
c - Bombard               Conj/Erth      24%        9d5       21%         6
d - Blink                 Tloc           24%        N/A       9%          2
e - Eringya's Noxious Bo  Tmut/Pois      18%        4d6       56%         6
f - Ignite Poison         Fire/Tmut/Pois 42%        N/A       1%          3

Your spell library contained the following spells:

 Spells                   Type           Power      Damage    Failure   Level
 Foxfire                  Conj/Fire      100%       2x1d9     1%          1
 Magic Dart               Conj           100%       1d8       1%          1
 Sandblast                Erth           100%       2d20      1%          1
 Cigotuvi's Dreadful Rot  Necr/Pois/Air  74%        N/A       1%          2
 Momentum Strike          Conj/Tloc      52%        3d9       1%          2
 Passwall                 Tmut/Erth      35%        N/A       1%          2
 Sublimation of Blood     Necr           32%        N/A       1%          2
 Stone Arrow              Conj/Erth      96%        3d13      1%          3
 Volatile Blastmotes      Fire/Tloc      68%        2d15      1%          3
 Brom's Barrelling Bould  Conj/Erth      48%        2d7       1%          4
 Lee's Rapid Deconstruct  Erth           27%        3d14*     1%          5
 Petrify                  Tmut/Erth      42%        N/A       2%          4
 Dazzling Flash           Conj/Hex       52%        N/A       3%          3
 Hailstorm                Conj/Ice       26%        3d7       3%          3
 Apportation              Tloc           24%        N/A       5%          1
 Leda's Liquefaction      Hex/Erth       17%        N/A       6%          4
 Borgnjor's Vile Clutch   Necr/Erth      22%        N/A       6%          5
 Call Imp                 Summ           24%        N/A       9%          2
 Jinxbite                 Hex            24%        N/A       9%          2
 Lesser Beckoning         Tloc           24%        N/A       9%          2
 Alistair's Intoxication  Tmut/Pois      24%        N/A       13%         5
 Irradiate                Conj/Tmut      17%        3d17      16%         5
 Starburst                Conj/Fire      24%        6d8       21%         6
 Freezing Cloud           Conj/Ice/Air   14%        6-21      26%         5
 Plasma Beam              Fire/Air       22%        2x1d34    28%         6
 Summon Ice Beast         Ice/Summ       12%        N/A       50%         4
 Simulacrum               Ice/Necr       11%        N/A       97%         6
 Ozocubu's Refrigeration  Ice            6%         4d8       100%        7
 Maxwell's Capacitive Co  Air            17%        ∞         100%        8
 Polar Vortex             Ice            6%         N/A       100%        9


Dungeon Overview and Level Annotations

Branches:
Dungeon (14/15)            Temple (1/1) D:5            Lair (5/5) D:8
 Shoals (2/4) Lair:2        Snake (3/4) Lair:2        Slime (0/5) Lair:4
    Orc (2/2) D:9             Elf (0/3) Orc:2        Vaults (0/5) D:14
  Sewer (visited)           IceCv (visited)         Volcano (visited)

Altars:
Ashenzari
Cheibriados
Dithmenos
Fedhas
Gozag
Hepliaklqana
Kikubaaqudgha
Makhleb
Nemelex Xobeh
Okawaru
Qazlal
Ru
Sif Muna
Trog
Uskayaw
Vehumet
Wu Jian
Xom
Yredelemnul
Jiyva

Shops:
D:1 !   D:6 (   D:10 [**(!   Orc:2 *[[[   Shoals:1 =   Snake:1 :=:   Snake:2 *

Portals:
Trove: D:12 (give 17 scrolls of teleportation)

Annotations:
D:5 3 runed translucent doors, Aneyh's ghost, novice TeMo; CowFu's ghost, novice MiFi; Kurtz's ghost, novice OpFi; bobo's ghost, novice SpHs; lunkers's ghost, novice MeSh
D:6 1 runed translucent door, Crazy Yiuf
D:8 3 runed translucent doors, awesomeguy42's ghost, novice HuNe
D:10 exclusion: statue
D:12 1 runed translucent door, innerfire43's ghost, journeyman DsHu
D:14 Nessos; Urug
Lair:1 2 transporters, avis's ghost, journeyman FeSh
Snake:3 Vashnia


Innate Abilities, Weirdness & Mutations

You are a tree.
Your roots penetrate the ground, keeping you stationary.
You cannot be teleported.
You are immune to unholy pain and torment.
Your maximum health is greatly increased.
Your equipment is partially melded.
((You are partially covered in slimy green scales. (AC +2)))
Your demonic aura causes all spilled blood to erupt in flames.
Spells you cast may paralyse adjacent enemies.
((Your touch may irresistibly damage your foes and sap their willpower.))


Message History

The harpy is heavily wounded.
The skyshark seems less confused.
The harpy claws you but does no damage. The harpy claws you.
* * * LOW HITPOINT WARNING * * *
The harpy barely misses you. The harpy claws you but does no damage.
The harpy claws you!
* * * LOW HITPOINT WARNING * * *
The harpy claws you.
* * * LOW HITPOINT WARNING * * *
The manticore flicks its tail.
The volley of spikes hits you.
The barbed spikes become lodged in your body.
* * * LOW HITPOINT WARNING * * *
Unknown command.
You feel better.
The harpy claws you but does no damage. x3
The harpy claws you.
* * * LOW HITPOINT WARNING * * *
Unknown command.
Casting: Mephitic Cloud (safe; 1% risk of failure)
Confirm with . or Enter, or press ? or * to list all spells.
Okay, then.
You barely miss the manticore.
The manticore is severely wounded.
The harpy claws you but does no damage. x4; The harpy claws you!
* * * LOW HITPOINT WARNING * * *
The harpy claws you.
* * * LOW HITPOINT WARNING * * *
The harpy claws you but does no damage. The harpy claws you.
* * * LOW HITPOINT WARNING * * *
The manticore bites you but does no damage.
The manticore claws you.
* * * LOW HITPOINT WARNING * * *
The manticore claws you but does no damage.
Unknown command.
You sock the skyshark!
The skyshark is almost dead.
The skyshark no longer looks unusually strong.
The harpy claws you but does no damage. x8
The merfolk hits you from afar with a +0 trident.
You die...

≈≈~~§§~§~~~~...~~~~~~~~~
≈~~§~§~~~~~.....$~~~~~~~
≈P~~§§~~§~~.....~~~~~~~~
~~~~§~§~~~~>.....~~~~~~~
P~~~§§§~~~~~.....~~~~~~~
~P~~§§~~~~~~....~~..~~~~
~~P~~~~~~~~~~~~~~~~..~~~
~P~~P~~~~~~~~~~lH~~~~~~~
~~~~≈≈~~~~~~~~~H♣~~~~~~~
PP~P≈≈≈≈~~~~~~~H~H~~~~~≈
~~~~≈≈≈~~~.~~~~H°m~~~~~~
~PP≈≈≈~~~...~~~~~...#..~
~P~≈≈≈~~.###..~....## .~
~≈≈≈≈≈~~# ##...~..# ~
..~~~~~. ###.~~.. ...~~~
#.~~~.. .~~~~ ~


You could see a skyshark, a merfolk, a manticore and 4 harpies.

Vanquished Creatures
  Jorgrun (Orc:1)
  Kirke (Snake:1)
  A white draconian (IceCv)
  Josephine (D:10)
  2 dire elephants
  2 merfolk impalers (Shoals:1)
  4 hydras
  2 catoblepae
  Erica (D:11)
  A merfolk avatar (Shoals:1)
  7 anacondas
  A centaur warrior (D:13)
  A deep troll shaman (Lair:5)
  A naga warrior (Snake:1)
  A two-headed ogre (D:13)
  A boulder beetle (D:11)
  A shock serpent (Snake:1)
  13 death yaks
  A naga sharpshooter (Snake:2)
  5 orc high priests (Orc:2)
  4 skysharks
  A hell knight (Volcano)
  5 skeletal warriors
  A sea snake (Shoals:1)
  3 naga ritualists
  2 lindwurms
  4 mana vipers
  6 orc knights
  7 orc sorcerers
  3 ugly things
  6 salamanders
  4 manticores (Shoals:1)
  19 black mambas
  23 elephants
  3 merfolk sirens (Shoals:1)
  2 apocalypse crabs (Shoals:2)
  A smoke demon (Volcano)
  A cyclops (D:13)
  2 ice statues (IceCv)
  2 naga magi
  A water nymph (Shoals:1)
  An eye of devastation (Lair:1)
  A molten gargoyle (Volcano)
  Joseph (D:9)
  A gargoyle (D:11)
  Maggie (D:7)
  3 kobold demonologists
  6 rime drakes
  9 cane toads
  10 komodo dragons
  3 meliai (D:13)
  6 trolls
  2 red devils (Volcano)
  7 polar bears
  Prince Ribbit (D:6)
  2 wind drakes
  3 merfolk (Shoals:1)
  8 hornets
  25 blink frogs
  9 slime creatures
  6 dream sheep
  2 vampires
  4 wraiths
  A wyvern (Lair:4)
  2 water elementals (D:12)
  48 yaks
  7 fire bats (Volcano)
  A shadow (D:10)
  A hog (Snake:1)
  A fire elemental (Lair:5)
  4 basilisks
  Menkaure (D:4)
  8 vampire mosquitoes
  7 nagas
  4 wargs (Orc:2)
  2 acid dragons
  17 water moccasins
  A floating eye (shapeshifter) (D:13)
  2 hell hounds (Volcano)
  A sky beast (D:6)
  4 black bears
  32 orc warriors
  25 wolves
  6 ogres
  11 centaurs
  A phantom (D:7)
  6 kobold brigands
  7 bullfrogs
  A scorpion (D:4)
  A two-headed ogre simulacrum (Orc:2)
  9 wights
  18 killer bees
  A lindwurm simulacrum (IceCv)
  7 howler monkeys
  An electric eel (Lair:2)
  9 lava snakes
  8 komodo dragon simulacra (IceCv)
  2 hounds
  15 orc priests
  7 jellies
  2 sleepcaps
  Jessica (D:3)
  Natasha (D:2)
  4 iguanas
  22 orc wizards
  Ijyb (D:3)
  A polar bear simulacrum (Orc:2)
  A hell rat (Sewer)
  10 gnolls
  5 acid dragon simulacra (IceCv)
  13 adders
  A naga simulacrum (Orc:2)
  A shadow imp (D:6)
  4 white imps
  6 steam dragon simulacra (IceCv)
  An ufetubus (D:6)
  3 worms
  4 dart slugs
  90 orcs
  15 endoplasms
  7 giant cockroaches
  6 goblins
  8 hobgoblins
  6 jackals (D:2)
  3 quokkas
  9 ball pythons
  10 bats
  3 frilled lizards
  40 kobolds
  16 rats
832 creatures vanquished.

Vanquished Creatures (collateral kills)
  An orc warlord (Orc:2)
  A hydra (Lair:2)
  A salamander mystic (Snake:1)
  An orc sorcerer (Orc:2)
  A troll (Orc:2)
  2 hornets (D:13)
  A warg (Orc:2)
  A cane toad simulacrum (Orc:2)
  3 two-headed ogre simulacra (Orc:2)
  A killer bee (D:9)
  An orc priest (Orc:2)
  A troll simulacrum (Orc:2)
  An acid dragon simulacrum (IceCv)
  3 orcs (Orc:2)
19 creatures vanquished.

Vanquished Creatures (others)
  A troll (D:13)
  A wyvern (Lair:2)
  A human (Snake:1)
3 creatures vanquished.

Grand Total: 854 creatures vanquished

Notes
Turn   | Place    | Note
-------+----------+-------------------------------------------
     0 | D:1      | Shayle the Demonspawn Reaver began the quest for the Orb.
     0 | D:1      | Reached XP level 1. HP: 16/16 MP: 3/3
   140 | D:1      | Gained mutation: You are partially covered in slimy green
                  | scales. (AC +2) [demonic ancestry]
   140 | D:1      | Reached XP level 2. HP: 22/22 MP: 5/5
   290 | D:1      | Reached skill level 1 in Armour
   582 | D:1      | Gained mutation: Your touch may inflict minor irresistible
                  | damage on your foes. [demonic ancestry]
   582 | D:1      | Reached XP level 3. HP: 23/28 MP: 6/6
   615 | D:1      | Found Kieropp's Distillery.
   627 | D:1      | Bought a potion of curing for 30 gold pieces
   876 | D:2      | Found a faded altar of an unknown god.
   948 | D:2      | Reached skill level 3 in Fighting
   990 | D:2      | Identified a scroll of acquirement
   990 | D:2      | Acquired 514 gold pieces
   997 | D:2      | Gained mutation: Your touch may inflict irresistible damage
                  | on your foes. [demonic ancestry]
   997 | D:2      | Reached XP level 4. HP: 35/35 MP: 8/8
  1030 | D:2      | Noticed Natasha
  1195 | D:3      | Noticed Jessica
  1206 | D:3      | Killed Jessica
  1207 | D:3      | Reached XP level 5. HP: 41/41 MP: 9/9
  1236 | D:3      | Noticed Ijyb
  1242 | D:3      | Killed Ijyb
  1540 | D:3      | Found a glowing drain.
  1551 | Sewer    | Entered a sewer
  1667 | D:3      | Reached skill level 4 in Fighting
  1900 | D:2      | Reached XP level 6. HP: 48/48 MP: 11/11
  1982 | D:2      | Killed Natasha
  3474 | D:4      | Noticed Menkaure
  3484 | D:4      | Killed Menkaure
  3485 | D:4      | Reached XP level 7. HP: 51/55 MP: 13/13
  3538 | D:4      | You fall into a shaft and drop 2 floors!
  3565 | D:5      | Entered Level 5 of the Dungeon
  3589 | D:5      | Reached skill level 5 in Fighting
  3768 | D:5      | Found a runed translucent gate.
  3768 | D:5      | Found a runed translucent gate.
  3769 | D:5      | Found a runed translucent gate.
  3772 | D:5      | Noticed CowFu's ghost (novice MiFi)
  3772 | D:5      | Noticed bobo's ghost (novice SpHs)
  3773 | D:5      | Noticed Kurtz's ghost (novice OpFi)
  3773 | D:5      | Noticed Aneyh's ghost (novice TeMo)
  3773 | D:5      | Noticed lunkers's ghost (novice MeSh)
  3868 | D:5      | Found a staircase to the Ecumenical Temple.
  3875 | Temple   | Entered the Ecumenical Temple
  3915 | Temple   | Became a worshipper of Ashenzari the Shackled
  4018 | D:5      | Reached skill level 5 in Spellcasting
  4321 | D:4      | Reached XP level 8. HP: 56/64 MP: 15/15
  4824 | D:5      | Reached skill level 6 in Fighting
  5120 | D:5      | Reached skill level 5 in Armour
  5757 | D:6      | Noticed Prince Ribbit
  5797 | D:6      | Killed Prince Ribbit
  5798 | D:6      | Reached skill level 7 in Fighting
  5959 | D:6      | Upgraded the game from 0.31-a0-836-g3ceb0a68c4 to
                  | 0.31-a0-841-g038b102fc3
  6043 | D:6      | Gained mutation: Your demonic aura sometimes causes spilled
                  | blood to erupt in flames. [demonic ancestry]
  6043 | D:6      | Reached XP level 9. HP: 72/72 MP: 19/19
  6132 | D:6      | Found Toxezysy's Weapon Shoppe.
  6149 | D:6      | Found a runed translucent door.
  6150 | D:6      | Noticed Crazy Yiuf
  6844 | D:7      | Found a shimmering altar of Xom.
  6958 | D:7      | Noticed Maggie
  6981 | D:7      | Reached skill level 8 in Fighting
  6988 | D:7      | HP: 1/112 [Maggie/bolt of fire (19)]
  6989 | D:7      | Killed Maggie
  7639 | D:8      | Found a staircase to the Lair.
  7639 | D:8      | Noticed a death yak
  7639 | D:8      | Noticed a death yak
  7669 | D:8      | Killed a death yak
  7670 | D:8      | Gained mutation: Your demonic aura often causes spilled
                  | blood to erupt in flames. [demonic ancestry]
  7670 | D:8      | Reached XP level 10. HP: 47/83 MP: 22/22
  7831 | D:8      | Reached skill level 9 in Fighting
  8058 | D:8      | Noticed a death yak
  8081 | D:8      | Killed a death yak
  8095 | Lair:1   | Entered Level 1 of the Lair of Beasts
  8107 | Lair:1   | Reached * piety under Ashenzari
  8476 | Lair:1   | Noticed a cane toad
  8478 | Lair:1   | Noticed avis's ghost (journeyman FeSh)
  8483 | Lair:1   | Noticed a cane toad
  8485 | Lair:1   | Noticed a moth of wrath
  8487 | Lair:1   | a cane toad changed into an eye of devastation
  8487 | Lair:1   | Noticed an eye of devastation
  8495 | Lair:1   | Killed an eye of devastation
  8499 | Lair:1   | Reached skill level 10 in Fighting
  8663 | Lair:1   | Gained mutation: Your demonic aura causes all spilled blood
                  | to erupt in flames. [demonic ancestry]
  8663 | Lair:1   | Reached XP level 11. HP: 69/93 MP: 25/25
  9055 | Lair:1   | Found a transporter.
  9218 | Lair:1   | Found a transporter.
  9593 | Lair:1   | Reached skill level 10 in Spellcasting
  9865 | Lair:2   | Reached skill level 11 in Fighting
  9976 | Lair:2   | Reached skill level 10 in Armour
 10309 | Lair:2   | Found a staircase to the Snake Pit.
 10669 | Lair:2   | Found a staircase to the Shoals.
 10676 | Lair:2   | Reached XP level 12. HP: 84/103 MP: 27/27
 10841 | Lair:2   | Noticed a five-headed hydra
 11253 | D:8      | Found a runed translucent gate.
 11254 | D:8      | Found a runed translucent gate.
 11255 | D:8      | Found an opulent altar of Gozag.
 11257 | D:8      | Found a runed translucent gate.
 11358 | D:8      | Noticed awesomeguy42's ghost (novice HuNe)
 11399 | D:8      | Learned a level 3 spell: Mephitic Cloud
 11535 | D:9      | Noticed Joseph
 11547 | D:9      | Killed Joseph
 11550 | D:9      | Reached skill level 12 in Fighting
 12087 | D:9      | Found a staircase to the Orcish Mines.
 12139 | D:8      | Noticed a death yak
 12139 | D:8      | Noticed a death yak
 12139 | D:8      | Noticed a death yak
 12139 | D:8      | Noticed a death yak
 12442 | Lair:1   | Killed a death yak
 12580 | Lair:1   | Killed a death yak
 12581 | Lair:1   | Reached skill level 1 in Air Magic
 12581 | Lair:1   | Reached skill level 1 in Poison Magic
 12585 | Lair:1   | Killed a death yak
 12731 | Lair:1   | Killed a death yak
 12970 | D:8      | Killed a death yak
 13119 | D:9      | Reached ** piety under Ashenzari
 13545 | D:10     | Entered Level 10 of the Dungeon
 13552 | D:10     | Found Lacovi Vaewn's Assorted Antiques.
 13588 | D:10     | Bought a pink potion for 27 gold pieces
 13588 | D:10     | Bought a potion of curing for 93 gold pieces
 13588 | D:10     | Bought a large cabochon ring for 155 gold pieces
 13588 | D:10     | Bought a scroll of teleportation for 93 gold pieces
 13588 | D:10     | Bought a scroll labelled QARGHA ETINA for 31 gold pieces
 13608 | D:10     | Noticed Josephine
 13621 | D:10     | Killed Josephine
 13741 | D:10     | Found a radiant altar of Vehumet.
 13840 | D:10     | Found Bizetho's Antique Weapon Emporium.
 13849 | D:10     | Bought a runed demon trident for 540 gold pieces
 13953 | D:10     | Found Heitiah's Distillery.
 13961 | D:10     | Bought a potion of might for 52 gold pieces
 13961 | D:10     | Bought a potion of resistance for 130 gold pieces
 13961 | D:10     | Bought a potion of heal wounds for 65 gold pieces
 14151 | D:10     | Found Zodiosho's Antique Armour Shoppe.
 14232 | D:10     | Found Dijahykur's Fire Supplies.
 14409 | D:11     | Noticed a boulder beetle
 14417 | D:11     | Killed a boulder beetle
 14559 | Lair:2   | Killed a five-headed hydra
 14560 | Lair:2   | Reached skill level 5 in Conjurations
 14600 | Lair:2   | Noticed a six-headed hydra
 14604 | Lair:2   | Killed a six-headed hydra
 14700 | Lair:2   | Noticed a dire elephant
 14700 | Lair:2   | Identified the +0 robe of the Amoeba {rN+ Dex+2}
 14720 | Lair:2   | Found a runed translucent door.
 14911 | Lair:2   | Reached XP level 13. HP: 109/113 MP: 29/29
 15261 | Lair:3   | Reached skill level 13 in Fighting
 15644 | D:10     | Bought a ring of protection from fire for 400 gold pieces
 16622 | Lair:4   | Reached skill level 5 in Poison Magic
 16871 | Lair:4   | Reached skill level 5 in Air Magic
 16967 | Lair:4   | Found a dark tunnel.
 16977 | Volcano  | Entered a volcano
 17767 | Volcano  | Found a burning altar of Makhleb.
 18169 | Lair:4   | Found a staircase to the Slime Pits.
 18169 | Lair:4   | Found a viscous altar of Jiyva.
 18346 | Lair:4   | Learned a level 6 spell: Bombard
 18621 | Lair:4   | Reached skill level 1 in Fire Magic
 18621 | Lair:4   | Reached skill level 1 in Earth Magic
 18763 | Lair:5   | Entered Level 5 of the Lair of Beasts
 19305 | Lair:5   | Gained mutation: Your touch may irresistibly damage your
                  | foes and sap their willpower. [demonic ancestry]
 19305 | Lair:5   | Reached XP level 14. HP: 112/121 MP: 30/30
 20167 | Lair:5   | Reached skill level 5 in Fire Magic
 20167 | Lair:5   | Reached skill level 5 in Earth Magic
 21756 | Orc:1    | Entered Level 1 of the Orcish Mines
 21813 | Orc:1    | Noticed Jorgrun
 21833 | Orc:1    | Killed Jorgrun
 22289 | Orc:2    | Entered Level 2 of the Orcish Mines
 22326 | Orc:2    | Noticed an orc warlord
 22337 | Orc:2    | Killed an orc warlord
 22348 | Orc:2    | Found a frozen archway.
 22369 | IceCv    | Entered an ice cave
 23559 | IceCv    | Found the +7 great mace "Undeadhunter" {deathbane, rN+}
 24348 | D:11     | Gained mutation: Spells you cast may paralyse adjacent
                  | enemies. [demonic ancestry]
 24348 | D:11     | Reached XP level 15. HP: 126/127 MP: 31/31
 24910 | D:11     | Noticed Erica
 24920 | D:11     | Killed Erica
 25449 | D:12     | Found a portal to a secret trove of treasure.
 26362 | D:13     | Paralysed by a hornet for 1 turns
 26822 | D:14     | Noticed Nessos
 26822 | D:14     | Noticed Urug
 26822 | D:14     | Found a gate to the Vaults.
 27094 | D:12     | Learned a level 2 spell: Blink
 27357 | D:12     | Found a runed translucent door.
 27357 | D:12     | Noticed innerfire43's ghost (journeyman DsHu)
 28208 | Orc:2    | Reached skill level 10 in Fire Magic
 28208 | Orc:2    | Reached skill level 10 in Earth Magic
 28220 | Orc:2    | Found Adiwey Dafeh's Armour Emporium.
 28241 | Orc:2    | Found a staircase to the Elven Halls.
 28631 | Orc:2    | Found Jumuhuf's Armour Shop.
 28639 | Orc:2    | Found Uloaj's General Store.
 28641 | Orc:2    | Found Teint's Armour Emporium.
 28647 | Orc:2    | Bought a potion of heal wounds for 65 gold pieces
 28647 | Orc:2    | Bought a potion of curing for 39 gold pieces
 29109 | Snake:1  | Entered Level 1 of the Snake Pit
 29136 | Snake:1  | Noticed Kirke
 29143 | Snake:1  | Killed Kirke
 30405 | Snake:1  | Found Jesaabb's Book Shop.
 30405 | Snake:1  | Found Nuury's Jewellery Emporium.
 30406 | Snake:1  | Found Ceelit's Book Shop.
 30427 | Snake:1  | Bought Great Wizards, Vol. II for 494 gold pieces
 30427 | Snake:1  | Bought a Trismegistus Codex for 338 gold pieces
 30435 | Snake:1  | Learned a level 6 spell: Eringya's Noxious Bog
 30439 | Snake:1  | Learned a level 3 spell: Ignite Poison
 31430 | Snake:2  | Reached skill level 1 in Necromancy
 31431 | Snake:2  | Reached skill level 1 in Transmutations
 31899 | Snake:2  | Reached XP level 16. HP: 134/134 MP: 19/32
 32335 | Snake:2  | Found Nurinwe Ysm's Assorted Antiques.
 32343 | Snake:2  | Bought a potion of curing for 81 gold pieces
 32343 | Snake:2  | Bought a runed cloak for 202 gold pieces
 33470 | Snake:3  | Noticed Vashnia
 33474 | Snake:2  | HP: 6/134 [poisoned by a naga sharpshooter (splash of
                  | poison)]
 33556 | Shoals:1 | Entered Level 1 of the Shoals
 34954 | Shoals:1 | Found Filirghu's One-of-a-Kind Rings.
 35293 | Shoals:2 | Reached skill level 5 in Necromancy
 35295 | Shoals:2 | HP: 9/201 [harpy (4)]
 35295 | Shoals:2 | HP: 3/201 [harpy (6)]
 35295 | Shoals:2 | HP: 1/201 [manticore (2)]
 35296 | Shoals:2 | Slain by a merfolk

Illustrated notes

Levels and vault maps discovered:
D:1:      amcnicky_arrival_wind_blow, layout_basic, serial_shops, shop,
          serial_forest, infiniplex_forest_straight_2,
          infiniplex_forest_diagonal, infiniplex_forest_straight_5,
          infiniplex_forest_straight_2, infiniplex_forest_corner_1,
          infiniplex_forest_end_3, infiniplex_forest_lined_1
D:2:      cheibrodos_fertilizer, layout_rooms,
          shapermc_ecumenical_altar_totnotflames, uniq_natasha
D:3:      layout_rooms, portal_sewer_entry_a, minmay_joined_circles,
          uniq_jessica, uniq_ijyb
D:4:      layout_cave_pools, amcnicky_mini_corridor_feature, wad_orctagon,
          uniq_menkaure
D:5:      layout_basic, minmay_temple_entry_trees, gammafunk_ghost_cemetery,
          st_stairs_5
D:6:      layout_rooms, serial_shops, shop_fountains, reono_crystal_passage,
          grunt_ministairs_2, uniq_crazy_yiuf_cottage, uniq_prince_ribbit1
D:7:      layout_rooms, lemuel_round_altar, uniq_maggie
D:8:      layout_cave_pools, dpeg_lair_monsters, ebering_ghost_gozag,
          hangedman_abyss_or_decor_passed
D:9:      layout_irregular_city, hiddenorc2_lemuel,
          minmay_fractal_squares_diagonal_5, uniq_joseph
D:10:     layout_loops_ring, vehumet_statue, serial_shops,
          nicolae_shop_peninsula, nicolae_diamond_shop, shop,
          nicolae_shop_tiny_waterfront, nicolae_shop_fire_sale
          [nicolae_sub_dead_trees], hangedman_decor_diamond_cutter,
          uniq_josephine
D:11:     layout_basic, uniq_erica
D:12:     layout_basic, ebering_ghost_inner_flame, nicolae_trove_entry_crystal,
          hex_intersection, minmay_misc_feat_diagonals
D:13:     layout_rooms, dreamdust_wasp_nest
D:14:     layout_rooms, david_vaults_3, infiniplex_staircase_pillars_3a,
          ebering_ghost_disaster_area
Temple:   mainiacjoe_temple_big_plus
Lair:1:   layout_chaotic_city, gammafunk_ghost_berserking_beasts
Lair:2:   gammafunk_lair_enchanted_lake, layout_small_grid, shoals_dummy_entry,
          nicolae_snake_entry_warm_welcome
Lair:3:   layout_layer_cave
Lair:4:   layout_regular_city, minmay_slime_entry_pillars,
          nicolae_volcano_entry_vermiform
Lair:5:   grunt_lair_end_beastmaster, layout_gridlike
Shoals:1: layout_shoals, nicolae_shop_unique_rings
Shoals:2: layout_shoals, nicolae_shoals_abyss_on_the_beach
Snake:1:  layout_basic, grunt_ministairs_14, lemuel_fruit_tree,
          minmay_shop_grove, uniq_kirke
Snake:2:  layout_concentric_octagons, serial_shops,
          nicolae_shop_overgrown_old_shop
Snake:3:  layout_gridlike, basic_altar, serial_shops, nicolae_shop_trees,
          library_closet, statue_in_the_mist_lemuel, grunt_ministairs_12,
          nicolae_snake_gridmaze_entwining, nicolae_triple_integral,
          uniq_mlioglotl, uniq_vashnia
Orc:1:    layout_diamond_mine, uniq_jorgrun
Orc:2:    st_orc_elflike, layout_diamond_mine,
          portal_ice_cave_entry_ice_simulacra

Skill      XL: |  1  2  3  4  5  6  7  8  9 10 11 12 13 14 15 16 |
---------------+-------------------------------------------------+-----
Armour         | 1 2 3 4 5 7 8 10 | 10.8
Fighting       | 3 4 5 7 8 10 11 12 13 | 13.7
Spellcasting   | 3 4 5 6 7 9 10 11 | 11.1
Air Magic      | 3 5 |  5.8
Poison Magic   | 4 6 8 |  8.0
Conjurations   | 5 7 |  7.2
Fire Magic     | 3 8 10 | 10.9
Earth Magic    | 3 8 10 | 10.9
Necromancy     | 2 5 |  5.0
Transmutations | 2 4 |  4.0
Polearms       | |  2.6
Dodging        | |  1.7

Action                     |  1- 3 |  4- 6 |  7- 9 | 10-12 | 13-15 | 16-18 || total
---------------------------+-------+-------+-------+-------+-------+-------++-------
  Melee: Spear             |   114 |   266 |   438 |       |       |       ||   818
         Punch             |     3 |     3 |    12 |     8 |     7 |       ||    33
         Touch             |     5 |    52 |    99 |   110 |   163 |       ||   429
         Scimitar          |       |       |    27 |   458 |       |       ||   485
         Demon trident     |       |       |       |    46 |   637 |       ||   683
         Great mace        |       |       |       |       |   377 |    87 ||   464
   Cast: Kiss of Death     |       |       |     2 |       |       |       ||     2
         Mephitic Cloud    |       |       |       |    20 |    91 |    40 ||   151
         Bombard           |       |       |       |       |    26 |    17 ||    43
         Ignite Poison     |       |       |       |       |     3 |    15 ||    18
         Blink             |       |       |       |       |     1 |     2 ||     3
 Invoke: Curse Item        |       |       |     1 |     2 |       |       ||     3
  Evoke: Wand              |       |       |     6 |     7 |    18 |    11 ||    42
         Phantom mirror    |       |       |       |     1 |     3 |       ||     4
    Use: Scroll            |     5 |     5 |     5 |     6 |    10 |     5 ||    36
         Potion            |       |       |     4 |     2 |    13 |     8 ||    27
   Stab: Distracted        |       |     1 |       |       |     1 |       ||     2
         Paralysed         |       |       |     8 |       |    21 |     6 ||    35
         Confused          |       |       |       |     4 |    29 |     7 ||    40
         Petrified         |       |       |       |       |     3 |       ||     3
 Armour: Leather armour    |     3 |       |       |       |       |       ||     3
         Ring mail         |    82 |   204 |   376 |   724 |   929 |   230 ||  2545
         Skin              |       |       |    29 |    16 |       |    36 ||    81
         Plate armour      |       |       |       |       |   416 |       ||   416
  Dodge: Dodged            |    74 |   155 |   260 |   434 |   670 |    83 ||  1676

Table legend: (Time is in decaauts)
 A = Elapsed time spent in this place.
 B = Non-inter-level travel time spent in this place.
 C = Inter-level travel time spent in this place.
 D = Time resting spent in this place.
 E = Time spent auto-exploring this place.
 F = Levels seen in this place.
 G = Mean time per level.
                   A        B        C        D        E       F      G
               +--------+--------+--------+--------+--------+-----+--------+
         Total |  36147 |  33465 |   2682 |  10260 |  14082 |  30 | 1204.9 |
       Dungeon |  15058 |  13481 |   1577 |   2697 |   6473 |  14 | 1075.6 |
        Temple |     78 |     40 |     38 |      0 |      0 |   1 |   78.0 |
          Lair |  10138 |   9459 |    679 |   2820 |   4228 |   5 | 2027.6 |
        Shoals |   1752 |   1724 |     28 |    792 |    563 |   2 |  876.0 |
     Snake Pit |   4459 |   4253 |    206 |   1892 |   1835 |   3 | 1486.3 |
  Orcish Mines |   2152 |   1999 |    153 |    418 |    948 |   2 | 1076.0 |
         Sewer |     97 |     97 |      0 |      0 |      0 |   1 |   97.0 |
      Ice Cave |   1287 |   1287 |      0 |    919 |      0 |   1 | 1287.0 |
       Volcano |   1121 |   1121 |      0 |    722 |     34 |   1 | 1121.0 |
               +--------+--------+--------+--------+--------+-----+--------+

Top non-repeatable levels by time:
  Lair:1: 2725 daAuts
  Lair:2: 2608 daAuts
 Snake:2: 2319 daAuts
 Snake:1: 2133 daAuts
  Lair:5: 1815 daAuts
     D:2: 1694 daAuts
    D:12: 1668 daAuts
Shoals:1: 1652 daAuts
     D:9: 1649 daAuts
   Orc:2: 1623 daAuts
  Lair:4: 1579 daAuts
  Lair:3: 1409 daAuts
     D:5: 1290 daAuts
   IceCv: 1287 daAuts
    D:11: 1280 daAuts
